[Event "Live Chess"]
[Site "Chess.com"]
[Date "2023.09.16"]
[Round "-"]
[White "Samueeeseeel"]
[Black "Mozart5501"]
[Result "0-1"]
[WhiteElo "875"]
[BlackElo "1796"]
[TimeControl "900+5"]
[EndTime "6:47:07 PDT"]
[Termination "Mozart5501 venceu por desistência"]

1. c4 Nf6 2. Nc3 g6 3. g3 Bg7 4. Bg2 c5 5. e4 e5 6. Nge2 Nc6 7. O-O O-O 8. d3 d6 9. Be3 Be6 10. Nd5 Bxd5 11. exd5 Ne7 12. Qb3 Qc7 13. Nc3 Nf5 14.
Rfe1 a6 15. Qc2 Nxe3 16. Rxe3 Bh6 17. Ree1 Rfe8 18. Rf1 Rab8 19. b3 b5 20. Ne2 bxc4 21. dxc4 e4 22. f3 exf3 23. Bxf3 Qe7 24. Rae1 Qe3+ 25. Kh1 Ne4 26. Nc1 Nf2+ 27. Kg2 Qxe1 28. Rxe1 Rxe1 29. Kxf2 Rxc1 30. Qe2 Rc3 31. Qe7 Rc2+ 32.
Kf1 Rxa2 33. Qxd6 Rxb3 34. Bd1 Rb1 35. Ke1 Rxh2 36. Qxc5 Rh1+ 37. Ke2 Rbxd1 38. Qc8+ Kg7 39. Qxa6 Rhe1+ 40. Kf2 Rf1+ 41. Ke2 Rde1+ 42. Kd3 Rf3+ 43. Kc2 Re2+ 44. Kd1 Rd2+ 45. Ke1 Rxg3 46. Qb6 Be3 47. Qxe3 Rxe3+ 48. Kxd2 Re4 49. Kd3 Re7 50. Kd4 Kf6 51.
c5 Rd7 52. c6 Rc7 53. Kc5 Rc8 54. d6 Ke6 55. d7 Rd8 56. Kb6 Rxd7 57. cxd7 Kxd7 0-1

[Event "Live Chess"]
[Site "Chess.com"]
[Date "2023.09.16"]
[Round "-"]
[White "z_anne_ari"]
[Black "zezemito921"]
[Result "1-0"]
[WhiteElo "1279"]
[BlackElo "907"]
[TimeControl "900+5"]
[EndTime "6:47:10 PDT"]
[Termination "z_anne_ari venceu por desistência"]

1. d4 d5 2. c4 c6 3. Nc3 Nf6 4. Nf3 e6 5. Bg5 Be7 6. e3 O-O 7. Bd3 h6 8. Bxf6 Bxf6 9. cxd5 cxd5 10. Bc2 Nc6 11. a3 Re8 12. O-O e5 13. Qd3 e4 14. Qb5 exf3 15. g3 a6 16. Qb3 Bh3 17.
Rfe1 Na5 18. Qa2 Nc4 19. e4 dxe4 20. Nxe4 Qxd4 21. Nxf6+ gxf6 22. Rad1 Rxe1+ 23. Rxe1 Nd2 24. Bg6 Rf8 25. b4 Kg7 26. Bh5 Ne4 27. Bxf3 Re8 28. Qc2 f5 29. Bg2 Rc8 30. Qe2 Bxg2 31. Kxg2 Qd5 32. Kg1 Nc3 33. Qb2 a5 34. Rc1 Qd3 35. Kg2 Kg8 36. bxa5 Qe4+ 37. f3 Qd3 38. Rf1 Re8 39. Rf2 Re2 40. Rxe2 Qxe2+ 41. Qxe2 Nxe2 42. Kf2 Nc3 43. g4 fxg4 44. fxg4 Na4 45. Ke3 b6 46. a6 Nc5 47. a7 1-0

[Event "Live Chess"]
[Site "Chess.com"]
[Date "2023.09.16"]
[Round "-"]
[White "Giulliajapa007"]
[Black "MateusLuan08"]
[Result "0-1"]
[WhiteElo "994"]
[BlackElo "1565"]
[TimeControl "900+5"]
[EndTime "6:47:17 PDT"]
[Termination "MateusLuan08 venceu por xeque-mate"]

1. e4 e6 2. d4 d5 3. e5 c5 4. c3 Nc6 5. dxc5 Bxc5 6. Nf3 Nge7 7. b4 Bb6 8. Bb5 Bd7 9. Bxc6 Nxc6 10. O-O O-O 11.
Nbd2 Qc7 12. Ba3 Rfd8 13. b5 Nxe5 14. Rc1 Bxb5 15. Nxe5 Bxf1 16. Nxf1 Qxe5 17. Nd2 Rac8 18. Nf3 Qf6 19. Bb2 Ba5 20. Qd3 a6 21. c4 Qxb2 22.
Rd1 Qxa2 23. h3 Qxc4 24. Qb1 b5 25. Ng5 Qc2 26. Qa1 Qc3 27. Qb1 g6 28. Rd3 Qc1+ 29.
Qxc1 Rxc1+ 30. Kh2 Rdc8 31. Ra3 Bc7+ 32. g3 a5 33. Rf3 f5 34. Nxe6 b4 35. Rb3 Rc3 36. Rxc3 bxc3 37. Nd4 Bb6 38. Nb5 c2 39. Nc3 Rxc3 40.
Kg2 c1=Q 41. h4 Qe1 42. g4 Qxf2+ 43. Kh1 Qg1# 0-1

[Event "Live Chess"]
[Site "Chess.com"]
[Date "2023.09.16"]
[Round "-"]
[White "icarohm"]
[Black "maylso"]
[Result "0-1"]
[WhiteElo "1878"]
[BlackElo "1448"]
[TimeControl "900+5"]
[EndTime "6:47:40 PDT"]
[Termination "maylso venceu por xeque-mate"]

1. e4 e5 2. Nf3 Nc6 3. Bc4 Bc5 4.
d3 Nf6 5. O-O h6 6. c3 O-O 7. Re1 a6 8. Nbd2 Na5 9. Nxe5 d6 10.
Nef3 Re8 11. h3 Nxc4 12. Nxc4 Be6 13. Ne3 c6 14. b4 Ba7 15. Bb2 Qc7 16. Qd2 Rac8 17.
a4 b5 18. a5 c5 19. Rac1 d5 20. exd5 Nxd5 21. Nxd5 Bxd5 22. Re3 c4 23. d4 Bb8 24. g3 Qd7 25. Kh2 Qf5 26. Nh4 Qf6 27. Ng2 Qc6 28.
Nf4 Bxf4 29. Rxe8+ Rxe8 30. gxf4 Qf6 31. Rg1 Bf3 32.
Re1 Rxe1 33. Qxe1 Qxf4+ 34. Kg1 Qg5+ 35. Kf1 Qg2# 0-1

[Event "Live Chess"]
[Site "Chess.com"]
[Date "2023.09.16"]
[Round "-"]
[White "zxsimon"]
[Black "InfinityDelas"]
[Result "1-0"]
[WhiteElo "1489"]
[BlackElo "747"]
[TimeControl "900+5"]
[EndTime "6:47:46 PDT"]
[Termination "zxsimon venceu por xeque-mate"]

1. e4 d5 2. exd5 Qxd5 3. Nc3 Qd8 4. Nf3 Nf6 5. Bc4 e6 6. d3 Bd7 7. Bg5 Be7 8. O-O Nc6 9. h3 O-O 10. Qd2 h6 11. Be3 a6 12. a3 b5 13. Ba2 a5 14.
Nxb5 Nb8 15. Nbd4 a4 16. Ne2 Bd6 17. Bf4 Bxf4 18. Qxf4 Bc6 19. Ng3 Bxf3 20. Qxf3 Nd5 21. Bxd5 exd5 22. Rfe1 Re8 23. Nf5 g6 24. Nxh6+ Kg7 25.
Nxf7 Qd7 26. Ne5 Qd6 27. Qf7+ Kh6 28. Ng4+ Kg5 29. Rxe8 Qc6 30. Re5+ Kh4 31. Qh7# 1-0

[Event "Live Chess"]
[Site "Chess.com"]
[Date "2023.09.16"]
[Round "-"]
[White "Edson_Zarnelli"]
[Black "augustodemoraisrocha"]
[Result "1/2-1/2"]
[WhiteElo "764"]
[BlackElo "1458"]
[TimeControl "900+5"]
[EndTime "6:48:07 PDT"]
[Termination "Empate por repetição"]

1. e4 e5 2. Nf3 Nc6 3. Bc4 h6 4. d4 exd4 5. Nxd4 Nxd4 6. Qxd4 Qf6 7. Qxf6 Nxf6 8. Nc3 Bb4 9. O-O Bxc3 10. bxc3 O-O 11.
e5 Nh7 12. Bd3 Re8 13. Bxh7+ Kxh7 14. Re1 d6 15. f4 dxe5 16. fxe5 f6 17. Bf4 fxe5 18.
Bxe5 c6 19. h4 Bf5 20. Rac1 Re6 21. Kf2 Rae8 22. Bd4 Rxe1 23. Rxe1 Rxe1 24. Kxe1 a6 25. Kd2 Be4 26. g3 g5 27. hxg5 hxg5 28. c4 Kh6 29. c3 Kh5 30. Ke3 Bb1 31. a4 Kg4 32.
Kf2 b5 33. cxb5 cxb5 34. a5 Ba2 35. Kg2 Bd5+ 36. Kf2 Kf5 37. Kg1 Ke4 38. Kh2 g4 39. Kg2 Kd3+ 40. Kf2 Kc4 41. Ke3 Kb3 42. Kf4 Bf3 43. Ke5 Ka4 44. Bb6 Kb3 45. Bd4 Ka4 46.
Bb6 Kb3 47. Bd4 1/2-1/2

[Event "Live Chess"]
[Site "Chess.com"]
[Date "2023.09.16"]
[Round "-"]
[White "xadrecarloso"]
[Black "lucasportolelis"]
[Result "0-1"]
[WhiteElo "937"]
[BlackElo "1688"]
[TimeControl "900+5"]
[EndTime "6:48:23 PDT"]
[Termination "lucasportolelis venceu por xeque-mate"]

1. d4 d5 2. Bf4 e6 3. e3 f5 4. Nf3 Nf6 5. Bd3 Be7 6. Nbd2 O-O 7. Ne5 Nbd7 8. Ndf3 Ne4 9. O-O c6 10. Qe2 g5 11.
Nxd7 Bxd7 12. Be5 Qe8 13. Rfe1 g4 14. Nd2 Qg6 15. Nxe4 fxe4 16. Bxe4 Qxe4 17. f3 gxf3 18. gxf3 Qxf3 19. Qxf3 Rxf3 20. Kh1 h6 21. Rg1+ Bg5 22.
h4 Rh3+ 23. Kg2 Rxh4 24. Kf2 Rf8+ 25. Ke2 Re4 26. Raf1 Rxe3+ 27. Kd2 Rxe5+ 28. Kd3 Re3+ 29. Kd2 Ref3+ 30. Ke2 Rxf1 31. Rxf1 Rxf1 32. Kxf1 b6 33. Ke2 c5 34. dxc5 bxc5 35. Kd3 e5 36. c3 h5 37. b4 c4+ 38. Ke2 h4 39. b5 Bxb5 40. a4 Bc6 41. Kf3 h3 42. a5 h2 43. Kg2 Bf4 44. a6 d4+ 45. Kf2 h1=Q 46. cxd4 Qg2+ 47. Ke1 Qd2+ 48. Kf1 Bg2+ 49. Kg1 Bg3 50. dxe5 Qf2# 0-1

[Event "Live Chess"]
[Site "Chess.com"]
[Date "2023.09.16"]
[Round "-"]
[White "migu345"]
[Black "Gustavinh13"]
[Result "0-1"]
[WhiteElo "1004"]
[BlackElo "1931"]
[TimeControl "900+5"]
[EndTime "6:48:30 PDT"]
[Termination "Gustavinh13 venceu por desistência"]

1. e4 c6 2. Nf3 d5 3. exd5 cxd5 4. d4 Nc6 5. c3 Bg4 6. Bb5 Nf6 7. h3 Bh5 8. Qd3 Bg6 9. Qe3 a6 10. Bxc6+ bxc6 11. Ne5 Qc7 12. Nxg6 hxg6 13. Nd2 e6 14. Nf3 Bd6 15.
Ne5 Ne4 16. f3 Ng3 17. Rg1 Nf5 18. Qg5 Bxe5 19. dxe5 Qxe5+ 20. Kf1 Rh5 21. Bf4 Ne3+ 22. Kf2 Rxg5 23. Bxe5 Rxe5 24. Rge1 Nc4 25. b3 Rxe1 26.
Rxe1 Nd6 27. g4 a5 28. h4 Kd7 29. h5 gxh5 30. gxh5 Rh8 31. Rg1 Nf5 32. Rh1 g6 0-1

[Event "Live Chess"]
[Site "Chess.com"]
[Date "2023.09.16"]
[Round "-"]
[White "fernanndodod"]
[Black "Abofado"]
[Result "1-0"]
[WhiteElo "1980"]
[BlackElo "592"]
[TimeControl "900+5"]
[EndTime "6:48:42 PDT"]
[Termination "fernanndodod venceu por xeque-mate"]

1. e4 c6 2. d4 d5 3. Nd2 dxe4 4. Nxe4 c5 5. Nf3 e5 6. c3 cxd4 7. cxd4 f5 8. Bb5+ Bd7 9. Bxd7+ Qxd7 10. Nc3 exd4 11. Qxd4 Qe7+ 12. Qe3 f4 13. Qxe7+ Bxe7 14. Bxf4 Nf6 15. Bxb8 Rxb8 16. O-O-O O-O 17. Ne5 a5 18. f3 Rbc8 19. Nd7 Rfd8 20. Nxf6+ Bxf6 21. Rxd8+ Rxd8 22. Rd1 Bg5+ 23. Kc2 Re8 24. Ne4 Rc8+ 25. Kb3 a4+ 26. Kxa4 Be7 27. Kb3 b5 28. Nd6 Rc6 29. Nxb5 Rb6 30.
a4 Kf7 31. Kc4 Rc6+ 32. Kd5 Rc5+ 33. Kd4 Kf6 34. Re1 Rc8 35. Nc3 Bc5+ 36. Kd5 Bf2 37.
Ne4+ Kf5 38. Nxf2 Rd8+ 39. Kc4 Rc8+ 40. Kb3 Rb8+ 41. Ka3 g5 42. b4 Rc8 43. Kb3 Kf4 44.
Re4+ Kf5 45. a5 Kf6 46. b5 Rb8 47. Kb4 Kf7 48. b6 Kf6 49. Kb5 Kf7 50. a6 Rd8 51.
a7 Rd5+ 52. Ka6 Rd8 53. b7 Rd6+ 54. Kb5 g4 55. Nxg4 Rd5+ 56. Kc6 Ra5 57. a8=Q Rxa8 58. bxa8=Q Kg6 59. Qg8+ Kf5 60. Re5+ Kf4 61. Qf7# 1-0

[Event "Live Chess"]
[Site "Chess.com"]
[Date "2023.09.16"]
[Round "-"]
[White "IanFLS"]
[Black "AnthonyGabriel1"]
[Result "1/2-1/2"]
[WhiteElo "1864"]
[BlackElo "2181"]
[TimeControl "900+5"]
[EndTime "6:49:54 PDT"]
[Termination "Partida empatada por acordo"]

1. d4 Nf6 2. Bf4 d6 3. Nf3 Nbd7 4. e3 g6 5. Nc3 Bg7 6. Bc4 O-O 7. h3 c6 8. e4 Nb6 9. Bb3 d5 10. e5 Ne4 11. Qd3 Bf5 12. Qe3 Nxc3 13. Qxc3 Nc4 14. Bxc4 dxc4 15. Qxc4 Qb6 16. b3 Rac8 17. O-O h6 18. c3 g5 19. Be3 e6 20. Rfe1 Qc7 21.
Qe2 b6 22. Rac1 Rfd8 23. Nh2 c5 24. Ng4 Kh7 25. Nf6+ Bxf6 26. exf6 c4 27. Qh5 Bg6 28. Qf3 Qd7 29. Red1 Qd5 30. Qxd5 Rxd5 31. g4 Bd3 32. f4 gxf4 33. Bxf4 Rg8 34. Kf2 h5 35. Kf3 Ra5 36.
Rd2 Kg6 37. Be5 hxg4+ 38. hxg4 Rh8 39. Rg1 Rd5 40. b4 Rdd8 41. Rgg2 Rh3+ 42. Rg3 Rh1 43.
Rgg2 Rdh8 44. Rh2 R8xh2 45. Rxh2 Rxh2 46. Bxh2 Kxf6 47. Kf4 Kg6 48. Bg3 f6 49. Bh4 a5 50.
a3 axb4 51. axb4 b5 1/2-1/2

[Event "Live Chess"]
[Site "Chess.com"]
[Date "2023.09.16"]
[Round "-"]
[White "Mika635Isa"]
[Black "ABC2009V"]
[Result "0-1"]
[WhiteElo "520"]
[BlackElo "2023"]
[TimeControl "900+5"]
[EndTime "6:50:41 PDT"]
[Termination "ABC2009V venceu por xeque-mate"]

1. e4 c5 2. Bc4 Nc6 3. Nf3 e6 4.
O-O Be7 5. d4 cxd4 6. Nxd4 Bf6 7. Nxc6 bxc6 8. Re1 d6 9. Bf4 e5 10. Bg3 Ne7 11. Nc3 O-O 12. f4 exf4 13. Bxf4 Be5 14.
Bxe5 dxe5 15. Qxd8 Rxd8 16. Rad1 Bg4 17. Be2 Bxe2 18.
Rxe2 Rxd1+ 19. Nxd1 Rd8 20. Ne3 Ng6 21. b4 f6 22. c4 Nf4 23. Rc2 Rb8 24. a3 Ne6 25. Nf5 Kf7 26. Rd2 Rd8 27. Rxd8 Nxd8 28. a4 g6 29. Nd6+ Ke6 30. Nc8 a6 31. Kf2 f5 32. Ke3 f4+ 33. Kd3 g5 34. b5 cxb5 35. cxb5 axb5 36. a5 Kd7 37. Nb6+ Kc6 38. Nc8 Ne6 39.
Kc3 g4 40. Kd2 Nc5 41. Ke2 Nxe4 42. Kd3 Nc5+ 43. Ke2 Kb7 44. Nd6+ Ka6 45. Nf5 Kxa5 46. Nh4 b4 47. Kd2 Ka4 48. Kc2 Ka3 49. Kb1 b3 50. g3 Ne4 51. gxf4 Nc3+ 52. Ka1 b2# 0-1

[Event "Live Chess"]
[Site "Chess.com"]
[Date "2023.09.16"]
[Round "-"]
[White "GabrielGGCF"]
[Black "gu1c0rrea"]
[Result "1-0"]
[WhiteElo "1432"]
[BlackElo "804"]
[TimeControl "900+5"]
[EndTime "6:50:52 PDT"]
[Termination "GabrielGGCF venceu por xeque-mate"]

1. e4 e5 2. Nf3 Nc6 3. d4 Qf6 4.
dxe5 Nxe5 5. Nxe5 Qxe5 6. Qf3 Nf6 7. Nc3 d5 8. Bd3 d4 9. Ne2 Bg4 10. Qg3 Bd6 11. f4 Qa5+ 12. Bd2 Qb6 13. e5 Qxb2 14. O-O g6 15. exf6 Bxe2 16. Bxe2 Qxc2 17.
Qd3 Bc5 18. Qxc2 d3+ 19. Qxc5 dxe2 20. Qe7# 1-0

[Event "Live Chess"]
[Site "Chess.com"]
[Date "2023.09.16"]
[Round "-"]
[White "fernanndodod"]
[Black "migu345"]
[Result "1-0"]
[WhiteElo "1980"]
[BlackElo "1004"]
[TimeControl "900+5"]
[EndTime "6:50:54 PDT"]
[Termination "fernanndodod venceu por desistência"]

1. e4 e6 2. d4 d5 3. Nd2 c5 4. exd5 Qxd5 5. Ngf3 Nf6 6. c3 Ne4 7. Nxe4 Qxe4+ 8. Be2 Bd7 9. O-O Nc6 10. Re1 Qg6 11. Bd3 Qf6 12. Bg5 1-0

[Event "Live Chess"]
[Site "Chess.com"]
[Date "2023.09.16"]
[Round "-"]
[White "NavarroChess09"]
[Black "AlphaKaua10"]
[Result "1-0"]
[WhiteElo "1322"]
[BlackElo "1069"]
[TimeControl "900+5"]
[EndTime "6:50:55 PDT"]
[Termination "NavarroChess09 venceu por desistência"]

1. d4 c5 2. Nf3 Nf6 3. dxc5 Qa5+ 4. Nc3 Qxc5 5. Be3 Qd6 6. Qxd6 exd6 7. O-O-O Be7 8. Nd5 Nxd5 9. Rxd5 O-O 10. Rd2 b5 11. g3 a5 12. Bg2 b4 13. Nd4 Ra6 14. Nb5 a4 15. Ba7 Bg5 16. e3 Nc6 17. Rxd6 a3 18.
b3 Nxa7 19. Rxa6 Bxa6 20. Nxa7 Re8 21. Rd1 Re7 22. Rd5 Bh6 23. Ra5 Be2 24. Nc6 Re8 25. Nd4 Bh5 26. Ra7 f5 27. Rxd7 f4 28. Bd5+ Kf8 29. Ne6+ Kg8 30. Nc7+ Kf8 31. Nxe8 Kxe8 32. Rb7 fxe3 33. fxe3 Bxe3+ 34. Kb1 Bd2 35. Rxg7 h6 36. Rg8+ Ke7 37. g4 Bf7 38. Rg7 1-0

[Event "Live Chess"]
[Site "Chess.com"]
[Date "2023.09.16"]
[Round "-"]
[White "KiwiDoFbi"]
[Black "KBT2007"]
[Result "0-1"]
[WhiteElo "1262"]
[BlackElo "1893"]
[TimeControl "900+5"]
[EndTime "6:51:10 PDT"]
[Termination "KBT2007 venceu por desistência"]

1. e4 c6 2. d4 d5 3. e5 Bf5 4. h4 h5 5. Bd3 Bxd3 6. Qxd3 e6 7.
Nf3 Qa5+ 8. Bd2 Qa6 9. Qxa6 Nxa6 10. Nc3 Ne7 11. O-O-O Nf5 12. Bg5 c5 13. Nb5 Kd7 14. c4 cxd4 15. Nfxd4 Nxd4 16. Rxd4 Bc5 17. Rd2 Rac8 18.
Kb1 Kc6 19. cxd5+ Kxb5 20. d6 Bxd6 21. exd6 f6 22. Be3 b6 23. f3 Rcd8 24. Bf2 Rd7 25. Rd4 Rhd8 26. a4+ Kc6 27. Rc1+ Kb7 28. Rcd1 Nc5 29.
a5 Nb3 30. a6+ Kxa6 31. Ra4+ Kb7 32. Kc2 Nc5 33. Rb4 Rc8 34. Kb1 a5 35. Rbd4 e5 36.
Rd5 Kc6 37. Bxc5 bxc5 38. Rxc5+ Kxc5 39. Rc1+ Kxd6 40. Rxc8 Ra7 41. Rh8 Ke6 42. Rxh5 Rd7 43. f4 exf4 44. Rxa5 Rd2 45. Ra4 Kf5 46. Ra5+ Kg4 47. Ra7 Rxg2 48. Rxg7+ Kh3 49. Rf7 Rg6 50. h5 Rh6 51. Ka2 f3 0-1

[Event "Live Chess"]
[Site "Chess.com"]
[Date "2023.09.16"]
[Round "-"]
[White "Samueeeseeel"]
[Black "sleepGM86"]
[Result "1-0"]
[WhiteElo "888"]
[BlackElo "1116"]
[TimeControl "900+5"]
[EndTime "6:51:42 PDT"]
[Termination "Samueeeseeel venceu por desistência"]

1. c4 c5 2. Nc3 g6 3. g3 Bg7 4.
Bg2 Nc6 5. e4 Nf6 6. Nge2 O-O 7.
d3 e6 8. O-O Rb8 9. Be3 b6 10. b3 a6 11. Rb1 d6 12. a3 b5 13.
b4 bxc4 14. dxc4 cxb4 15. axb4 Rxb4 16. Rxb4 Nxb4 17. Qb1 Nc6 18. Nd4 Nxd4 19. Bxd4 Nxe4 20. Qxe4 d5 21. Qe3 Bb7 22. Bxg7 Kxg7 23. f4 dxc4 24. Bxb7 1-0

[Event "Live Chess"]
[Site "Chess.com"]
[Date "2023.09.16"]
[Round "-"]
[White "icarohm"]
[Black "Edson_Zarnelli"]
[Result "1-0"]
[WhiteElo "1878"]
[BlackElo "764"]
[TimeControl "900+5"]
[EndTime "6:52:39 PDT"]
[Termination "icarohm venceu por desistência"]

1. e4 e5 2. Nf3 Nc6 3. Bc4 Bc5 4. c3 Nf6 5. d3 d6 6. h3 d5 7. exd5 Nxd5 8. O-O O-O 9. b4 Bb6 10. Bg5 f6 11.
Be3 Bxe3 12. fxe3 Be6 13. Qb3 Nxe3 14. Bxe6+ Kh8 15. Re1 Qxd3 16. Nbd2 Qc2 17. Rxe3 Qxd2 18. Nxd2 Rfd8 19. Nf3 1-0

[Event "Live Chess"]
[Site "Chess.com"]
[Date "2023.09.16"]
[Round "-"]
[White "fernanndodod"]
[Black "NavarroChess09"]
[Result "0-1"]
[WhiteElo "1964"]
[BlackElo "1338"]
[TimeControl "900+5"]
[EndTime "6:52:49 PDT"]
[Termination "NavarroChess09 venceu por desistência"]

1. e4 Nc6 2. d4 d5 3. e5 e6 4. Nf3 g6 5. c4 Bg7 6. Nc3 a6 7. cxd5 exd5 8. Qb3 Nge7 9. Bg5 O-O 10. Nxd5 Qxd5 11. Bc4 Qa5+ 12. Bd2 Qb6 13. Qc2 Nxd4 14. Nxd4 Qxd4 15. Bc3 Qxc4 0-1

[Event "Live Chess"]
[Site "Chess.com"]
[Date "2023.09.16"]
[Round "-"]
[White "kslusk"]
[Black "Torugomilho11"]
[Result "1-0"]
[WhiteElo "851"]
[BlackElo "1123"]
[TimeControl "900+5"]
[EndTime "6:54:36 PDT"]
[Termination "kslusk venceu por desistência"]

1. e4 e5 2. Nf3 Nc6 3. Bc4 Bc5 4. b4 Bxb4 5. c3 Bc5 6. d4 exd4 7. cxd4 Bb4+ 8. Bd2 Bxd2+ 9. Qxd2 d6 10. d5 Ne5 11.
Nxe5 dxe5 12. Bb5+ Bd7 13. Nc3 Bxb5 14. Nxb5 a6 15.
Nc3 Nf6 16. Rc1 O-O 17. O-O c6 18. Rfd1 cxd5 19. Nxd5 Nxd5 20. exd5 Qd6 21. Re1 Rad8 22. Rcd1 Rd7 23. f4 exf4 24. Qd4 Qf6 25. Qxf6 gxf6 26. Rf1 Rfd8 27. Rxf4 Rxd5 28. Rxd5 Rxd5 29. Rxf6 Rd1+ 30. Kf2 Rd2+ 31. Kg3 Rxa2 32. Rd6 b5 33. Rb6 Kg7 34. Kf3 f6 35. h3 Kf7 36. Rb7+ Kg6 37. Rb6 h6 38. g4 Kg5 39. Kg3 Ra3+ 40. Kh2 Kh4 41. Rxf6 Rxh3+ 42. Kg2 Kxg4 43. Rg6+ Kh4 44. Rxh6+ 1-0

[Event "Live Chess"]
[Site "Chess.com"]
[Date "2023.09.16"]
[Round "-"]
[White "VIAJEMCENTRODATERRA"]
[Black "danilo655"]
[Result "1-0"]
[WhiteElo "2011"]
[BlackElo "720"]
[TimeControl "900+5"]
[EndTime "6:55:08 PDT"]
[Termination "VIAJEMCENTRODATERRA venceu por desistência"]

1. d4 d5 2. c4 c6 3. cxd5 cxd5 4.
Nc3 Nf6 5. Nf3 Bf5 6. Qb3 Nc6 7.
Qxb7 Bd7 8. Qb3 Rb8 9. Qd1 Bf5 10. a3 e6 11. e3 Ne4 12. Qa4 Qd7 13. Bb5 Rc8 14. Ne5 Qc7 15. Nxc6 Nd6 16. Nxa7+ Nxb5 17. Qxb5+ Qd7 18. Qxd7+ Kxd7 19. Nxc8 Kxc8 20. O-O Bd6 21.
b4 Kd7 22. Bd2 Rc8 23. Rfc1 f6 24. Nb5 Rb8 25. Nxd6 Kxd6 26. a4 e5 27. a5 Bd7 28.
a6 Ra8 29. a7 e4 30. b5 Bxb5 31. Rcb1 Kc6 32. Bb4 Kb6 33. Bc5+ Kc6 34. Rxb5 Kxb5 35.
Rb1+ Ka6 36. Rb8 Rxa7 37. Bxa7 Kxa7 38. Rg8 g5 39. Rg7+ Kb6 40. Rxh7 Kc6 41. Rh6 Kb5 42. Rxf6 Ka5 43. Rf5 Kb5 44. Rxg5 Kc6 45. h4 Kd6 46. h5 Kc6 47. Rg3 Kd6 48. h6 Kc6 49. h7 Kd6 50. h8=Q Kc6 51. Rg7 Kd6 52. Qd8+ Kc6 53. Rc7+ 1-0

[Event "Live Chess"]
[Site "Chess.com"]
[Date "2023.09.16"]
[Round "-"]
[White "augustodemoraisrocha"]
[Black "zxsimon"]
[Result "1-0"]
[WhiteElo "1467"]
[BlackElo "1480"]
[TimeControl "900+5"]
[EndTime "6:55:23 PDT"]
[Termination "augustodemoraisrocha venceu por desistência"]

1. e4 c5 2. Nf3 Nc6 3. d4 cxd4 4. Nxd4 g6 5. Nxc6 bxc6 6. Bd3 Bg7 7. Nc3 d6 8. Be3 Nf6 9. h3 c5 10. Qd2 Rb8 11.
Rb1 Be6 12. a3 c4 13. Be2 Qd7 14. O-O d5 15. exd5 Nxd5 16. Nxd5 Qxd5 17. Qxd5 Bxd5 18. Rfd1 Be6 19. Bd4 Bxd4 20. Rxd4 O-O 21. Bxc4 Bxc4 22. Rxc4 Rfc8 23. Rxc8+ Rxc8 24. c3 e6 25. Rd1 Kf8 26. Rd7 a6 27. Ra7 Rc6 28. Kf1 Rb6 29. b4 Kg7 30. c4 Kf6 31. c5 Rc6 32. Rb7 h5 33. Rb6 1-0

[Event "Live Chess"]
[Site "Chess.com"]
[Date "2023.09.16"]
[Round "-"]
[White "abaakate"]
[Black "ravypintodiniz"]
[Result "0-1"]
[WhiteElo "1931"]
[BlackElo "2029"]
[TimeControl "900+5"]
[EndTime "6:55:51 PDT"]
[Termination "ravypintodiniz venceu por desistência"]

1. d4 Nf6 2. c4 g6 3. Nc3 Bg7 4. e4 d6 5. Nf3 O-O 6. Be2 e5 7. d5 Nbd7 8. Be3 h6 9. Qd2 Ng4 10. O-O Nxe3 11. Qxe3 f5 12. exf5 gxf5 13. b4 Nf6 14. h3 f4 15. Qd2 a6 16. c5 Qe8 17.
Bd3 Qh5 18. Ne4 Bxh3 19. Nxf6+ Bxf6 20. gxh3 Qxf3 21. Bf5 Qh5 22. Bg4 Qg6 23. Kh2 e4 24. Rg1 Kh8 25. Be6 Qh5 26. Rae1 e3 27. fxe3 Be5 28.
Kh1 fxe3 29. Qxe3 Rf3 30. Bg4 Rxe3 31. Bxh5 Rxh3+ 0-1

[Event "Live Chess"]
[Site "Chess.com"]
[Date "2023.09.16"]
[Round "-"]
[White "dani_reitas"]
[Black "mary260210"]
[Result "1-0"]
[WhiteElo "1012"]
[BlackElo "854"]
[TimeControl "900+5"]
[EndTime "6:56:05 PDT"]
[Termination "dani_reitas venceu por xeque-mate"]

1. d4 d5 2. c4 Nc6 3. e3 dxc4 4. Bxc4 Be6 5. Bd3 Nf6 6. Nf3 Bd5 7. Nc3 Bxf3 8. Qxf3 Nb4 9. Qe2 e6 10. O-O Be7 11.
a3 Nxd3 12. Qxd3 e5 13. Rd1 exd4 14. exd4 O-O 15. Ne4 Nxe4 16. Qxe4 Bd6 17. Qxb7 Qh4 18. g3 Qg4 19. Be3 Rab8 20. Qxa7 Rxb2 21. Rab1 Re2 22. Rb8 Qe4 23. Rxf8+ Bxf8 24. Qxc7 Qe8 25. Qa5 Ra2 26. Bc1 Qe2 27. Rf1 g6 28. a4 Bg7 29. Qd8+ Bf8 30.
a5 Kg7 31. Bf4 Bb4 32. Be5+ Kh6 33. Qh4+ Qh5 34. Qxh5+ gxh5 35. Bf4+ Kg6 36. Rd1 Rxa5 37. d5 f6 38. d6 Bxd6 39. Bxd6 Rf5 40. Kg2 Kg5 41. h4+ Kg4 42. Rd4+ Rf4 43. Rxf4# 1-0

[Event "Live Chess"]
[Site "Chess.com"]
[Date "2023.09.16"]
[Round "-"]
[White "xadrecarloso"]
[Black "Edson_Zarnelli"]
[Result "1-0"]
[WhiteElo "941"]
[BlackElo "760"]
[TimeControl "900+5"]
[EndTime "6:56:16 PDT"]
[Termination "xadrecarloso venceu por xeque-mate"]

1. d4 d5 2. Bf4 Nc6 3. e3 Nf6 4. Nf3 e6 5. Bd3 Bd6 6. Bg3 Bxg3 7. hxg3 O-O 8. Nbd2 Qe7 9. Ne5 Nxe5 10. dxe5 Nd7 11. Bxh7+ Kh8 12. Qh5 g6 13. Bxg6+ Kg7 14. Qh7# 1-0

[Event "Live Chess"]
[Site "Chess.com"]
[Date "2023.09.16"]
[Round "-"]
[White "AlphaKaua10"]
[Black "KBT2007"]
[Result "0-1"]
[WhiteElo "1068"]
[BlackElo "1893"]
[TimeControl "900+5"]
[EndTime "6:57:32 PDT"]
[Termination "KBT2007 venceu por xeque-mate"]

1. d4 d5 2. c4 c6 3. Nf3 Nf6 4.
cxd5 cxd5 5. g3 Bg4 6. Bg2 e6 7. O-O Nc6 8. Ne5 Nxe5 9. dxe5 Nd7 10. f3 Bf5 11. f4 Bc5+ 12. Kh1 O-O 13. Nc3 Nb6 14.
a3 a5 15. Bd2 Nc4 16. b4 axb4 17. axb4 Rxa1 18. Qxa1 Nxd2 19. bxc5 Nxf1 20. Bxf1 Qc7 21. Qa3 Rc8 22. Na4 Qa5 23. Qb3 Qd2 24. Qxb7 Be4+ 25. Bg2 Qe1# 0-1

[Event "Live Chess"]
[Site "Chess.com"]
[Date "2023.09.16"]
[Round "-"]
[White "sleepGM86"]
[Black "KiwiDoFbi"]
[Result "0-1"]
[WhiteElo "1111"]
[BlackElo "1272"]
[TimeControl "900+5"]
[EndTime "6:57:32 PDT"]
[Termination "KiwiDoFbi venceu por desistência"]

1. c4 Nf6 2. Nc3 e6 3. g3 Bb4 4. a3 Bc5 5. e3 d5 6. d4 Be7 7. cxd5 Nxd5 8. Nxd5 Qxd5 9. Nf3 b6 10.
Bg2 Bb7 11. O-O Nc6 12. Ne5 Qd6 13. Nxc6 Bxc6 14. e4 O-O 15. d5 exd5 16. exd5 Bb5 17. Re1 Rad8 18. Bf4 Qd7 19. a4 Bc4 20. b3 Bxd5 21.
Bxd5 Bb4 22. Bd2 Bxd2 23. Qxd2 Qxd5 24. Qxd5 Rxd5 25. Re7 Rc8 26. Rae1 0-1

[Event "Live Chess"]
[Site "Chess.com"]
[Date "2023.09.16"]
[Round "-"]
[White "ArthurMPRJ"]
[Black "Riquelme_Leonardo"]
[Result "1-0"]
[WhiteElo "1337"]
[BlackElo "1684"]
[TimeControl "900+5"]
[EndTime "6:57:45 PDT"]
[Termination "ArthurMPRJ venceu por desistência"]

1. d4 d5 2. c4 dxc4 3. e3 Nf6 4. Bxc4 Bf5 5. Qb3 e6 6. Qxb7 Nbd7 7. Nc3 Bd6 8. Qb3 Rb8 9. Qd1 O-O 10. Nf3 c5 11.
O-O Qc7 12. Nb5 Qc6 13. Nxd6 Qxd6 14. dxc5 Qxc5 15. Bb3 Ne5 16. Nxe5 Qxe5 17. Bd2 Qxb2 18. Qc1 Qe5 19. Bc3 Qc7 20. Bxf6 Qxc1 21. Raxc1 gxf6 22. Rc7 a5 23. Rfc1 Rfd8 24. h3 Bg6 25. Ra7 Ra8 26.
Rcc7 Kf8 27. f4 f5 28. Rxa8 Rxa8 29. Kf2 a4 30. Bc4 Rb8 31. Bd3 Rb2+ 32. Rc2 Rxc2+ 33.
Bxc2 a3 34. Ke2 Bh5+ 35. Kd3 Ke7 36. Kc3 Be2 37. Bd3 Bxd3 38. Kxd3 Kd6 39. Kc3 Kc5 40.
Kb3 Kb5 41. Kxa3 f6 42. Kb3 e5 43.
a4+ Kc5 44. a5 Kb5 45. a6 1-0

[Event "Live Chess"]
[Site "Chess.com"]
[Date "2023.09.16"]
[Round "-"]
[White "GabrielGGCF"]
[Black "AnthonyGabriel1"]
[Result "0-1"]
[WhiteElo "1432"]
[BlackElo "2181"]
[TimeControl "900+5"]
[EndTime "6:58:18 PDT"]
[Termination "AnthonyGabriel1 venceu por desistência"]

1. e4 d5 2. exd5 Nf6 3. Nc3 c6 4. dxc6 Nxc6 5. Bb5 Qb6 6. Qe2 Bg4 7. Bxc6+ Qxc6 8.
Qb5 O-O-O 9. Qxc6+ bxc6 10. h3 Bf5 11. d3 e6 12. Bf4 Nd5 13. Nxd5 cxd5 14. Nf3 h6 15. O-O Be7 16. Ne5 Bd6 17. d4 f6 18.
Nf7 Bxf4 19. Nxh8 Rxh8 20. c3 Kd7 21. g3 Bxh3 22. gxf4 Bxf1 23. Kxf1 Rb8 24. Rb1 Kc6 25. Ke2 h5 26. Kf3 g5 27. b3 Rg8 28. Rg1 g4+ 29. Ke3 h4 30. Rh1 h3 31. f3 g3 32.
Rxh3 g2 0-1